 Dungeon Crawl Stone Soup version 0.15.0-27-gbdb0435 (console) character file.

424 gw the Cudgeler (level 6, 31/57 HPs)
             Began as a Deep Dwarf Berserker on Sept 11, 2014.
             Was a Priest of Trog.
             Quit the game on Level 5 of the Dungeon.
             The game lasted 00:04:08 (4211 turns).

gw the Cudgeler (Deep Dwarf Berserker)              Turns: 4211, Time: 00:04:08

HP  31/57        AC 14     Str 22      XL: 6   Next: 64%
MP   5/5         EV 12     Int  5 (8)  God: Trog [***...]
Gold 0           SH  0     Dex 14      Spells:  0 memorised,  5 levels left

rFire  . . .     SeeInvis .     a - +2 morningstar (protect)
rCold  . . .     Clarity  +     m - +0 robe (curse)
rNeg   . . .     rCorr    .     (no shield)
rPois  .         rRot     .     u - +0 helmet
rElec  .         Spirit   .     (no cloak)
SustAb .         Warding  .     (no gloves)
rMut   .         Stasis   .     e - +1 pair of boots
Gourm  .                        (no amulet)
MR     .....                    y - +3 ring of protection
                                b - +2 ring of strength

@: non-regenerating, not resistant to hostile enchantments, very unstealthy
A: damage resistance, recharge devices, icy blue scales 1, clarity, low mp 1,
sense surroundings 1, slow healing 3
a: Device Recharging, Burn Spellbooks, Berserk, Trog's Hand, Renounce Religion


You were on level 5 of the Dungeon.
You worshipped Trog.
Trog was most pleased with you.
You were near starving.

You visited 1 branch of the dungeon, and saw 5 of its levels.

Inventory:

Hand weapons
 a - a +2 morningstar of protection (weapon)
Armour
 e - a +1 pair of boots (worn)
 g - a +3 chain mail of positive energy
 i - a +0 leather armour
 k - a +0 scale mail
 m - a cursed +0 robe (worn)
 p - a +0 ring mail
 q - a cursed -2 chain mail
 s - a +0 ring mail
 t - a +0 scale mail
 u - a +0 helmet (worn)
Magical devices
 c - a wand of heal wounds (5)
 r - a wand of fireball (3)
Comestibles
 d - 3 bread rations
 h - 4 meat rations
 l - 3 beef jerkies
 v - 3 fruits
Scrolls
 f - 4 scrolls of identify
Jewellery
 b - a +2 ring of strength (left hand)
 y - a +3 ring of protection (right hand)
Potions
 j - a potion of agility
 n - a potion of heal wounds
Books
 o - a book of Callings

   Spells                             Type                      Level
   Summon Small Mammal                Summoning                    1
   Call Imp                           Summoning                    2
   Call Canine Familiar               Summoning                    3
   Summon Guardian Golem              Hexes/Summoning              4
   Summon Lightning Spire             Summoning/Air                4
   Summon Ice Beast                   Ice/Summoning                4
   Trog disapproves of the use of such an item.


   Skills:
 + Level 4.0 Fighting
 * Level 6.0 Maces & Flails
 + Level 4.0 Armour
 - Level 2.1 Dodging


You had 5 spell levels left.
You didn't know any spells.

Dungeon Overview and Level Annotations

Branches:
Dungeon (5/15)             Temple (0/1) D:4

Altars:
Okawaru
Sif Muna
Trog
Yredelemnul


Innate Abilities, Weirdness & Mutations

You are resistant to damage.
You can recharge devices by infusing magical energy.
You passively map a small area around you.
You do not heal naturally.
You are partially covered in icy blue scales (AC +1).
You possess an exceptional clarity of mind.
Your magical capacity is low (-10% MP).


Message History

Attempting RANGED ATTACK TO (-2,0) Evoke which item? (* to show all) (? for menu, Esc to quit)
Zapping:
r - a wand of fireball {zapped: 1}
Press: ? - help, Shift-Dir - straight line, f/p - moth of wrath
Aim: a moth of wrath (fire blocked by an iron grate)
Your line of fire to the moth of wrath is blocked by an iron grate.
Continue anyway?
Okay, then.
Help; Fight failed; Making a random move ATTACK MOVE TO (-1,0) ATTACK MOVE TO (0,-1) ATTACK MOVE TO (-1,0) ATTACK MOVE TO (0,-1) ATTACK MOVE TO (-1,0) ATTACK MOVE TO (0,-1) ATTACK MOVE TO (-1,0) Unknown command.
Unknown command.
Unknown command.
Unknown command.
Are you sure you want to abandon this character and quit the game? (Confirm with "yes".)

......#### ########..## ##..
..##### ###....####..## ### ..###
##.......####..## .>..###
#.........# ##..### ......##
##....#%...# ##...#####
....).$###....###...######...$...
####)...##.._.#y#......###.......
#.....#))..###...##.##........
##....##)...#g...##...........
#....##)........#............
#...####.......##>.#####....#
##...# ###....##..## ######
##....# #######.. #.....## #.#
##. ##......# #.# #. #..####.##
#.# . ##.# ##.## #.# *


You could see a moth of wrath.

Table legend:
 A = Turns spent in this place as a percentage of turns spent in the entire game.
 B = Non-inter-level travel turns spent in this place as a percentage of non-inter-level travel turns spent in the entire game.
 C = Inter-level travel turns spent in this place as a percentage of turns spent in this place.
 D = Turns resting spent in this place as a percentage of non-inter-level travel turns spent in this place.
 E = Turns spent auto-exploring this place as a percentage of non-inter-level travel turns spent in this place.
 F = Non-inter-level travel turns spent in this place divided by the number of levels of this place that you've seen.
                   A       B       C       D       E      F
               +-------+-------+-------+-------+-------+----------------------
         Total | 100.0 | 100.0 |   0.8 |   0.4 |   9.6 | 443.6
       Dungeon | 100.0 | 100.0 |   0.8 |   0.4 |   9.6 | 443.6
               +-------+-------+-------+-------+-------+----------------------

Table legend:
 A = Kills in this place as a percentage of kills in entire the game.
 B = Kills by you in this place as a percentage of kills by you in the entire game.
 C = Kills by friends in this place as a percentage of kills by friends in the entire game.
 D = Other kills in this place as a percentage of other kills in the entire game.
 E = Experience gained in this place as a percentage of experience gained in the entire game.
 F = Experience gained in this place divided by the number of levels of this place that you have seen.
                   A       B       C       D       E      F
               +-------+-------+-------+-------+-------+----------------------
         Total | 100.0 | 100.0 |  -nan |  -nan | 100.0 | 121.2
       Dungeon | 100.0 | 100.0 |  -nan |  -nan | 100.0 | 121.2
               +-------+-------+-------+-------+-------+----------------------

Vanquished Creatures
  An ogre (D:4)
  6 worker ants
  Ijyb (D:5)
  9 adders
  A giant mite (D:5)
  2 worms
  An iguana zombie (D:5)
  4 orcs
  10 bats
  2 giant cockroaches (D:2)
  7 hobgoblins
  8 kobolds
  3 giant geckos
  A giant newt (D:4)
  A giant newt zombie (D:5)
  8 goblins
  3 quokkas
  9 rats
77 creatures vanquished.

Notes
Turn   | Place    | Note
--------------------------------------------------------------
     0 | D:1      | gw, the Deep Dwarf Berserker, began the quest for the Orb.
     0 | D:1      | Reached XP level 1. HP: 20/20 MP: 1/1
   392 | D:1      | Reached XP level 2. HP: 25/27 MP: 2/2
   546 | D:1      | Gained mutation: You are partially covered in icy blue scales (AC +1). [potion of mutation]
   546 | D:1      | Gained mutation: Your magical capacity is low (-10% MP). [potion of mutation]
   546 | D:1      | Gained mutation: You possess an exceptional clarity of mind. [potion of mutation]
   786 | D:2      | Reached XP level 3. HP: 25/33 MP: 2/2
  1041 | D:2      | Reached skill level 4 in Maces & Flails
  1467 | D:3      | Acquired Trog's second power
  1589 | D:3      | Found an iron altar of Okawaru.
  1594 | D:3      | Reached XP level 4. HP: 24/40 MP: 3/3
  2289 | D:4      | Reached XP level 5. HP: 29/49 MP: 4/4
  2323 | D:4      | Reached skill level 5 in Maces & Flails
  2499 | D:4      | Noticed an ogre
  2504 | D:4      | Killed an ogre
  2504 | D:4      | Reached XP level 6. HP: 57/57 MP: 5/5
  2567 | D:4      | Found a deep blue altar of Sif Muna.
  2567 | D:4      | Found a bloodstained altar of Trog.
  2842 | D:4      | Found a staircase to the Ecumenical Temple.
  3240 | D:5      | Entered Level 5 of the Dungeon
  3416 | D:5      | Noticed Ijyb
  3442 | D:5      | Killed Ijyb
  3610 | D:5      | Found a basalt altar of Yredelemnul.
  3787 | D:5      | Reached skill level 6 in Maces & Flails
  3912 | D:5      | Noticed a moth of wrath
  3915 | D:5      | Found a bloodstained altar of Trog.
  4211 | D:5      | Quit the game

Action                   |  1- 3 |  4- 6 || total
-------------------------+-------+-------++-------
Melee: Mace              |    69 |       ||    69
       Morningstar       |     6 |   145 ||   151
Invok: Trog's Hand       |       |     2 ||     2
       Berserk           |       |     4 ||     4
Evoke: Wand              |       |     1 ||     1
  Use: Potion            |     6 |     2 ||     8
       Scroll            |     3 |     3 ||     6
  Eat: Chunk             |     1 |     9 ||    10
       Bread ration      |       |     1 ||     1

Vault maps used:
D:1:      zelgadis_glass_arrival_small
D:3:      okawaru_metal_pillars_1_2
D:4:      amethyst_overflow_temple_binary, temple_doors_a, first_bread,
          grunt_ministairs_11, hangedman_decor_opposing
D:5:      old_standard_altar, tgw_trog, uniq_iyjb
